 Dungeon Crawl Stone Soup version 0.28.0-43-g3370ac3207 (webtiles) character file.

Game seed: 12845047132436609722

413 nickcage the Arsonist (level 6, -7/32 HPs)
             Began as a Tengu Fire Elementalist on Apr 1, 2022.
             Killed by divine providence
             ... invoked by an orc priest
              (10 damage)
             ... on level 4 of the Dungeon.
             The game lasted 00:12:23 (3915 turns).

nickcage the Arsonist (Tengu Fire Elementalist)     Turns: 3915, Time: 00:12:24

Health: -7/32      AC:  2    Str:  8    XL:     6   Next: 91%
Magic:  1/10       EV: 14    Int: 17    God:
Gold:   116        SH:  0    Dex: 15    Spells: 3/9 levels left

rFire   . . .      SeeInvis .   l - +2 dagger (venom)
rCold   . . .      Faith    .   (no shield)
rNeg    . . .      Spirit   .   a - +0 robe
rPois   .          Reflect  .   (helmet restricted)
rElec   .          Harm     .   (no cloak)
rCorr   .          Rampage  .   (no gloves)
Will    .....                   (boots unavailable)
Stlth   ++........              (no amulet)
HPRegen 0.10/turn               (no ring)
MPRegen 0.12/turn               (no ring)

@: flying quickly and evasively, quick
A: beak, talons 3, nimble flight
a: no special abilities


You were on level 4 of the Dungeon.
You visited 1 branch of the dungeon, and saw 4 of its levels.

You collected 116 gold pieces.

Inventory:

Hand Weapons
 b - a +0 club
 e - a +0 short sword
 j - a +0 long sword
 l - a +2 dagger of venom (weapon)
Missiles
 i - a throwing net
Armour
 a - a +0 robe (worn)
Scrolls
 n - a scroll of teleportation
Potions
 c - 2 potions of degeneration {unknown}
 d - 3 potions of curing
 f - a potion of berserk rage {unknown}
 g - a potion of attraction {unknown}
 h - a potion of might {unknown}
 k - a potion of lignification {unknown}
 o - a potion of haste {unknown}


   Skills:
 - Level 2.1 Dodging
 - Level 2.0 Stealth
 - Level 2.0 Spellcasting
 + Level 2.4 Conjurations
 + Level 8.1 Fire Magic


You had 3 spell levels left.
You knew the following spells:

 Your Spells              Type           Power      Damage    Failure   Level
a - Foxfire               Conj/Fire      76%        2x1d7     2%          1
b - Scorch                Fire           58%        2d8       1%          2
c - Conjure Flame         Conj/Fire      19%        6-21      7%          3

Your spell library contained the following spells:

 Spells                   Type           Power      Damage    Failure   Level
 Inner Flame              Hex/Fire       15%        N/A       11%         3
 Flame Wave               Conj/Fire      19%        2d6       22%         4


Dungeon Overview and Level Annotations

Branches:
Dungeon (4/15)             Temple (0/1) D:4

Altars:
Ashenzari
Fedhas
Hepliaklqana
Okawaru
Xom
Zin

Shops:
D:3 (   D:4 *


Innate Abilities, Weirdness & Mutations

You have a beak for a mouth.
You have claws for feet.
Your magical nature lets you fly swiftly and evasively.


Message History

Flames lash the adder.
You kill the adder!
There is an entrance to Geoc's Gadget Gallery here.
An orc priest is nearby!
The orc priest shouts!
You hear a shout!
Flames lash the orc priest.
The orc priest is severely wounded.
The orc priest's fire resistance burns away.
The orc shouts!
You closely miss the orc priest. Your kick misses the orc priest.
Your peck misses the orc priest.
The orc priest is severely wounded.
The orc priest mumbles some strange prayers to Beogh against you.
Beogh smites you!
Flames lash the orc priest.
The orc priest is burned terribly!
You kill the orc priest!
You hear a shout!
Your Fire Magic skill increases to level 8!
The orc priest looks encouraged for a moment.
Flames lash the orc.
You kill the orc!
Flames lash the orc.
You kill the orc!
The orc priest mumbles some strange prayers to Beogh against you.
Beogh smites you!
* * * LOW HITPOINT WARNING * * *
You hear a shout!
You are too injured to fight recklessly!
The orc priest hits you with a +0 dagger.
* * * LOW HITPOINT WARNING * * *
The orc priest hits you with a +0 flail.
* * * LOW HITPOINT WARNING * * *
Items here: ! )) [ †.
You hit the orc priest but do no damage.
The orc priest is poisoned.
You claw the orc priest, but do no damage.
The orc priest misses you.
The orc priest mumbles some strange prayers to Beogh against you.
Beogh smites you!
You die...

###### #....#
##.##.#
###...#.#####
#...∩...).o.########
#.#...#....@o...o...
#.##.##)>...).......
#. #........#.######
#...........#.#
#############.# .#
.# # .# # .# #


You could see 2 orc priests and an orc.

Vanquished Creatures
  A water moccasin (D:3)
  A scorpion (D:4)
  The ghost of demenzo the Scratcher, a weakling FeTm (D:3)
  An orc priest (D:4)
  Natasha (D:3)
  5 adders
  3 gnolls (D:3)
  An ufetubus (D:4)
  3 worms
  3 dart slugs (D:1)
  8 orcs
  8 ball pythons
  4 bats
  4 endoplasms
  3 goblins
  9 hobgoblins
  2 jackals (D:2)
  A quokka (D:2)
  5 frilled lizards
  8 kobolds
  4 rats
76 creatures vanquished.

Vanquished Creatures (others)
  15 foxfires (D:1)
  A fungus (D:2)
  7 plants
23 creatures vanquished.

Grand Total: 99 creatures vanquished

Notes
Turn   | Place    | Note
-------+----------+-------------------------------------------
     0 | D:1      | nickcage the Tengu Fire Elementalist began the quest for
                  | the Orb.
     0 | D:1      | Reached XP level 1. HP: 10/10 MP: 4/4
    92 | D:1      | Reached XP level 2. HP: 8/15 MP: 1/6
   129 | D:1      | Reached skill level 4 in Fire Magic
   283 | D:1      | Learned a level 2 spell: Scorch
   749 | D:1      | Reached XP level 3. HP: 19/19 MP: 4/7
   753 | D:1      | Learned a level 3 spell: Conjure Flame
  1124 | D:2      | Found a faded altar of an unknown god.
  1125 | D:2      | Found a glowing silver altar of Zin.
  1235 | D:2      | Reached skill level 5 in Fire Magic
  1528 | D:2      | Reached XP level 4. HP: 24/24 MP: 5/8
  2662 | D:3      | Gained mutation: Your magical nature lets you fly swiftly
                  | and evasively. [Tengu growth]
  2662 | D:3      | Reached XP level 5. HP: 28/28 MP: 2/9
  2731 | D:3      | Found a large runed translucent door.
  2731 | D:3      | Found a large runed translucent door.
  2733 | D:3      | Noticed demenzo's ghost (weakling FeTm)
  2836 | D:3      | Noticed a water moccasin
  2840 | D:3      | Killed a water moccasin
  2841 | D:3      | Reached skill level 6 in Fire Magic
  2841 | D:3      | Reached XP level 6. HP: 28/32 MP: 1/10
  3004 | D:3      | Found an iron altar of Okawaru.
  3007 | D:3      | Found a blossoming altar of Fedhas.
  3044 | D:3      | Found a broken altar of Ashenzari.
  3047 | D:3      | Found a hazy altar of Hepliaklqana.
  3066 | D:3      | Noticed Natasha
  3072 | D:3      | Killed Natasha
  3073 | D:3      | Reached skill level 7 in Fire Magic
  3173 | D:3      | Found a shimmering altar of Xom.
  3232 | D:3      | Found Xinnoafe's Antique Weapon Shop.
  3481 | D:3      | Killed demenzo's ghost
  3580 | D:4      | Found a staircase to the Ecumenical Temple.
  3589 | D:4      | Found Geoc's Gadget Gallery.
  3909 | D:4      | Reached skill level 8 in Fire Magic
  3915 | D:4      | Killed from afar by an orc priest

Illustrated notes

Levels and vault maps discovered:
D:1:      tarquinn_simple_flora_water_b, layout_rooms, st_stairs_11,
          chequers_avenue
D:2:      layout_basic, shapermc_ecumenical_altar_mp_ritualfount, basic_altar,
          minivault_24
D:3:      layout_basic, grunt_temple_overflow_cloverleaf, xom_teletrap_fun,
          ebering_ghost_disaster_area, serial_shops, nicolae_shop_trees,
          nicolae_grassy_gnolls, uniq_natasha
D:4:      layout_basic, minmay_temple_entry_stoned_glass,
          nicolae_ossuary_entry_false_entrances, nicolae_shop_gadgets

Skill      XL: |  1  2  3  4  5  6 |
---------------+-------------------+-----
Fire Magic     | 4 5 6 8 |  8.1
Conjurations   | 2 |  2.4
Dodging        | |  2.1
Stealth        | |  2.0
Spellcasting   | |  2.0

Action                   |  1- 3 |  4- 6 || total
-------------------------+-------+-------++-------
Melee: Club              |     2 |       ||     2
       Kick              |     2 |     6 ||     8
       Unarmed           |     1 |       ||     1
       Short sword       |    11 |       ||    11
       Long sword        |       |     8 ||     8
       Dagger            |       |     9 ||     9
       Peck              |       |     3 ||     3
 Cast: Foxfire           |    12 |       ||    12
       Scorch            |    27 |    51 ||    78
  Use: Scroll            |       |     5 ||     5
 Stab: Sleeping          |     1 |     4 ||     5
Armor: Robe              |     4 |       ||     4
Dodge: Dodged            |     7 |    26 ||    33
